 Dungeon Crawl Stone Soup version 0.20-a0-1116-gaa52201 (webtiles) character file.

290218 Murumi the Ninja (level 19, 0/140 HPs)
             Began as a Vampire Enchanter on May 6, 2017.
             Was the Champion of Dithmenos.
             Slain by Donald
             ... wielding a +1 long sword of freezing
              (33 damage)
             ... on level 4 of the Snake Pit.
             The game lasted 04:27:02 (47962 turns).

Murumi the Ninja (Vampire Enchanter)               Turns: 47962, Time: 04:27:02

Health: 0/140      AC: 13    Str: 13    XL:     19   Next: 93%
Magic:  14/33      EV: 27    Int: 23    God:    Dithmenos [******]
Gold:   2458       SH: 15    Dex: 30    Spells: 21/38 levels left

rFire    + + .     SeeInvis +   q - +4 dagger "Morg" {pain, MR+ Int+5}
rCold    + + +     Gourm    .   u - +2 buckler {rC+}
rNeg     + + .     Faith    .   v - +2 robe {rC+ rF+}
rPois    +         Spirit   .   Q - +2 hat {SInv}
rElec    +         Reflect  .   j - +2 cloak of the Thief {+Fog Slay-2 SInv Stlth+}
rCorr    .         Harm     .   M - +0 pair of gloves of Yplo {Str+6}
MR       ++...                  H - +0 pair of boots
Stlth    ++++++++++             (no amulet)
Regen    0.2/turn               F - +4 ring of dexterity
MPRegen  0.3/turn               r - ring of Melee {+Blink rElec rF+ Dex+4}

@: regenerating slowly, wreathed by umbra
A: fangs 3, large bone plates 1, thin metallic scales 1, see invisible,
unbreathing
}: 2/15 runes: decaying, serpentine
a: Bat Form, Shadow Step, Shadow Form, Renounce Religion, Evoke Blink, Evoke Fog


You were on level 4 of the Snake Pit.
You worshipped Dithmenos.
Dithmenos was exalted by your worship.
You were near bloodless.

You visited 6 branches of the dungeon, and saw 32 of its levels.
You also visited: Labyrinth and Ice Cave.

You collected 3216 gold pieces.
You spent 758 gold pieces at shops.

Inventory:

Hand Weapons
 f - a +2 dagger of venom
 q - the +4 dagger "Morg" (weapon) {pain, MR+ Int+5}
   (You found it on level 8 of the Dungeon)

   In the hands of one skilled in necromantic magic, it inflicts extra damage on
   living creatures.
   It affects your intelligence (+5).
   It affects your resistance to hostile enchantments.
Armour
 j - the +2 cloak of the Thief (worn) {+Fog Slay-2 SInv Stlth+}
   (You found it in an ice cave)

   It affects your accuracy and damage with ranged weapons and melee attacks
   (-2).
   It lets you see invisible.
   It makes you more stealthy.
 u - a +2 buckler of cold resistance (worn)
 v - a +2 robe of resistance (worn)
 H - a +0 pair of boots (worn)
 M - the +0 pair of gloves of Yplo (worn) {Str+6}
   (You took it off Nikola on level 2 of the Snake Pit)

   It affects your strength (+6).
 Q - a +2 hat of see invisible (worn)
Jewellery
 r - the ring of Melee (right hand) {+Blink rElec rF+ Dex+4}
   (You acquired it on level 6 of the Lair of Beasts)

   [ring of protection from fire]

   It affects your dexterity (+4).
   It protects you from fire.
   It insulates you from electricity.
   It lets you blink.
 y - an uncursed ring of flight
 F - a +4 ring of dexterity (left hand)
 K - an uncursed ring of fire
Wands
 c - a wand of scattershot (3/9)
 e - a wand of enslavement (2/24)
 E - a wand of acid (5/15)
 G - a wand of enslavement (16/24)
 I - a wand of enslavement (17/24)
 J - a wand of digging (10/24)
 N - a wand of digging (11/24)
 O - a wand of enslavement (8/24)
 S - a wand of paralysis (5/24)
 Y - a wand of scattershot (4/9)
Scrolls
 h - 6 scrolls of magic mapping
 l - 7 scrolls of enchant weapon
 n - 8 scrolls of teleportation
 o - 9 scrolls of remove curse
 p - a scroll of amnesia
 t - 4 scrolls of recharging
 B - 8 scrolls of vulnerability
 R - 4 scrolls of blinking
 U - 9 scrolls of identify
 V - 2 scrolls of fog
 X - 2 scrolls of enchant armour
 Z - a scroll of silence
Potions
 d - 71 potions of blood
 i - 13 potions of curing
 k - a potion of mutation
 m - 10 potions of flight
 s - a potion of cancellation
 w - 2 potions of resistance
 x - 5 potions of might
 z - a potion of invisibility
 A - a potion of haste
 C - 6 potions of agility
 L - 5 potions of brilliance
 W - 2 potions of berserk rage
Books
 b - a book of Battle

   Spells                             Type                      Level
   a - Infusion                       Charms                       1
   b - Shroud of Golubria             Charms/Translocation         2
   c - Song of Slaying                Charms                       2
   d - Spectral Weapon                Hexes/Charms                 3
   e - Regeneration                   Charms/Necromancy            3
 g - a book of the Sky

   Spells                             Type                      Level
   a - Summon Lightning Spire         Summoning/Air                4
   b - Silence                        Hexes/Air                    5
   c - Deflect Missiles               Charms/Air                   6
   d - Conjure Ball Lightning         Conjuration/Air              6
   e - Tornado                        Air                          9
 P - a book of Beasts

   Spells                             Type                      Level
   a - Summon Butterflies             Summoning                    1
   b - Call Canine Familiar           Summoning                    3
   c - Summon Ice Beast               Ice/Summoning                4
   d - Summon Mana Viper              Hexes/Summoning              5
   e - Summon Hydra                   Summoning                    7
 T - a book of Air

   Spells                             Type                      Level
   a - Shock                          Conjuration/Air              1
   b - Swiftness                      Charms/Air                   2
   c - Static Discharge               Conjuration/Air              3
   d - Airstrike                      Air                          4
   e - Lightning Bolt                 Conjuration/Air              5


   Skills:
 - Level 10.0 Fighting
 - Level 13.0 Short Blades
 - Level 9.0 Throwing
 - Level 13.0 Dodging
 O Level 27 Stealth
 - Level 10.0 Shields
 - Level 10.0 Spellcasting
 + Level 18.8 Hexes


You had 21 spell levels left.
You knew the following spells:

 Your Spells              Type           Power        Failure   Level  Hunger
a - Silence               Hex/Air        ######....   3%          5    ####...
b - Ensorcelled Hibernat  Hex/Ice        ######       1%          2    None
c - Confuse               Hex            #######.     0%          3    None
d - Tukima's Dance        Hex            #######.     0%          3    None
e - Dazzling Spray        Conj/Hex       ######       1%          3    None
f - Apportation           Tloc           ##....       5%          1    None


Dungeon Overview and Level Annotations

Branches:
Dungeon (15/15)            Temple (1/1) D:4            Lair (6/6) D:8
  Swamp (4/4) Lair:2        Snake (4/4) Lair:2        Slime (0/5) Lair:5
    Orc (2/2) D:9             Elf (0/3) Orc:2        Vaults (0/5) D:13
 Depths (0/5) D:15

Altars:
Dithmenos
Elyvilon
Fedhas
Gozag
Hepliaklqana
Makhleb
Okawaru
Qazlal
Ru
Uskayaw
The Shining One
Beogh
Jiyva

Shops:
D:5 %   Orc:2 =(*[   Snake:2 }   Snake:4 *(

Annotations:
Lair:5 1 runed door
Snake:4 Donald


Innate Abilities, Weirdness & Mutations

You heal slowly.
You have razor-sharp teeth.
You have supernaturally acute eyesight. (SInv)
You can survive without breathing.
You are partially covered in large bone plates. (SH +4)
You are partially covered in thin metallic scales. (AC +2)


Message History

Casting: Dazzling Spray
Confirm with . or Enter, or press ? or * to list all spells.
Aiming: Dazzling Spray
Press: ? - help, Shift-Dir - straight line, f/p - Donald
Aim: Donald, wielding a long sword of freezing, wearing a runed plate armour and wearing a shield of reflection (severely wounded, fast, unusually strong, umbra) Donald reflects the spray of energy off his shield of reflection!
The spray of energy hits you!
* * * LOW HITPOINT WARNING * * *
You block Donald's attack.
Casting: Dazzling Spray
Confirm with . or Enter, or press ? or * to list all spells.
Aiming: Dazzling Spray
Press: ? - help, Shift-Dir - straight line, f/p - Donald
Aim: Donald, wielding a long sword of freezing, wearing a runed plate armour and wearing a shield of reflection (severely wounded, fast, unusually strong, umbra) Donald reflects the spray of energy off his shield of reflection!
The spray of energy misses you.
Donald hits you with a long sword of freezing.
* * * LOW HITPOINT WARNING * * *
Donald hits you with a long sword of freezing!!
You die...

##* *## ******** ..##### #####
###*#.##**,,*,,,***
.#.#..###...###.##...##.,,,,,,,,*
.#...........#..#.......,,,,,,,,,
................@@......,,,,,,,,,
.............)..........,,,,,,,,,
..###...................,,,,,,,,,
.##.'##..........)......,,,,,,,,,
.'....#.................,,,,,,,,%
.#....##.......)........,,,,,,,,,
)#.....#....[...###'##'#*,,,,,,,,
.##.#''#........#,,..,..*,,,,,,#'
..#'#........).,**,,,,,,*,,,,,,#.


You could see Donald.

Vanquished Creatures
  Bai Suzhen (Swamp:4)
  Vashnia (Snake:2)
  Nikola (Snake:2)
  Jorgrun (Swamp:3)
  Rupert (Lair:3)
  Asterion (Snake:2)
  2 thorn hunters
  15 nagarajas
  Kirke (Swamp:3)
  Roxanne (Swamp:3)
  Aizul (Swamp:1)
  A reaper (IceCv)
  The ghost of Eptagon the Tortoise, a journeyman GrFi of Ashenzari (Orc:1)
  The ghost of gorpus the Eclecticist, a journeyman DECj of Vehumet (Lair:6)
  An ettin (Orc:2)
  A death ooze (Swamp:4)
  A minotaur (Lab)
  A green death (Swamp:4)
  2 fire dragons (D:15)
  14 naga warriors
  Harold (Lair:1)
  2 catoblepae
  21 hydras
  2 ghost crabs
  2 hell beasts (Swamp:4)
  Erica (D:8)
  2 centaur warriors
  4 alligators
  15 anacondas
  2 ogre magi (D:15)
  A deep troll shaman (Lair:6)
  12 two-headed ogres
  6 death yaks (Lair:6)
  5 orc high priests (Orc:2)
  20 naga sharpshooters
  11 shock serpents
  A tengu warrior (D:15)
  The ghost of XxPooperXx the Ducker, a novice OgHu of Okawaru (D:7)
  6 salamander mystics
  2 unseen horrors
  3 spriggan druids
  6 swamp dragons
  5 naga ritualists
  2 wizards (D:15)
  2 shambling mangroves
  4 orc knights
  4 large abominations (Swamp:4)
  16 ugly things
  3 orc sorcerers
  3 deep elf magi
  6 mana vipers
  A manticore (D:15)
  An oklob plant (Lair:6)
  5 salamanders
  A salamander (shapeshifter) (D:13)
  8 elephants
  4 cyclopes
  5 centaur zombies
  22 naga magi
  39 black mambas
  2 ice statues (IceCv)
  8 guardian serpents
  16 spiny frogs
  A rime drake (Lair:2)
  An orange demon (Swamp:4)
  A kobold demonologist (D:15)
  A tengu conjurer (D:15)
  10 komodo dragons
  10 ice devils (IceCv)
  5 trolls
  Grinder (D:5)
  13 bog bodies
  9 hornets
  3 polar bears
  10 tyrant leeches
  16 blink frogs
  11 hippogriffs
  A blink frog (shapeshifter) (D:15)
  28 slime creatures
  7 spriggans
  3 wyverns
  8 shadows
  66 yaks
  2 wraiths (D:13)
  5 basilisks
  8 hogs
  A human (D:8)
  2 hungry ghosts
  21 vampire mosquitoes
  2 steam dragons
  Menkaure (D:5)
  18 swamp worms
  69 nagas
  6 wargs
  A soldier ant (D:14)
  An acid dragon (D:13)
  20 insubstantial wisps
  14 water moccasins
  13 swamp drakes
  2 sky beasts (D:10)
  5 porcupines
  27 orc warriors
  2 hornet zombies (D:15)
  5 ice beasts
  A black bear (shapeshifter) (D:13)
  A necrophage (D:5)
  10 ogres
  An eye of draining (shapeshifter) (D:14)
  4 phantoms
  3 black bears
  11 centaurs
  An eye of draining (D:9)
  28 wolves
  13 crocodiles
  2 big kobolds
  22 bullfrogs
  A wyvern zombie (D:14)
  4 scorpions
  16 killer bees
  5 wights
  2 howler monkeys
  2 electric eels
  10 crimson imps
  3 bullfrog zombies
  11 hounds
  A gnoll shaman (D:6)
  A bullfrog skeleton (D:5)
  12 orc priests
  8 centaur skeletons
  A jelly (D:9)
  3 iguanas
  24 orc wizards
  13 worker ants
  A hound skeleton (D:6)
  11 gnolls
  A howler monkey skeleton (D:7)
  8 adders
  3 shadow imps
  18 white imps
  7 ufetubi (IceCv)
  3 oozes
  An adder zombie (D:9)
  3 adder skeletons
  14 worms
  4 dart slugs
  9 leopard geckos
  62 orcs
  A ball python (D:1)
  2 giant cockroaches
  10 goblins
  7 hobgoblins
  22 kobolds
  2 quokkas
  6 bats
  7 frilled lizards
  9 rats
  A plant (Lair:3)
1188 creatures vanquished.

Vanquished Creatures (collateral kills)
  5 naga warriors
  7 two-headed ogres
  2 naga sharpshooters
  2 shock serpents
  A mana viper (Snake:4)
  3 salamanders
  5 naga magi (Snake:4)
  14 nagas
  2 orc warriors
  3 ogres
  A wolf (Lair:5)
  A wight (D:5)
  An orc (Orc:2)
47 creatures vanquished.

Vanquished Creatures (others)
  11 dancing weapons
  2 humans (Swamp:3)
  2 insubstantial wisps (Swamp:3)
  A centaur (D:9)
  2 white imps (IceCv)
  4 ufetubi (IceCv)
  A quokka (D:14)
  2 bushes (Lair:5)
  15 fungi
  4 plants
44 creatures vanquished.

Grand Total: 1279 creatures vanquished

Notes
Turn   | Place    | Note
-------+----------+-------------------------------------------
     0 | D:1      | Murumi the Vampire Enchanter began the quest for the Orb.
     0 | D:1      | Reached XP level 1. HP: 13/13 MP: 3/3
   288 | D:1      | Reached skill level 5 in Stealth
   345 | D:1      | Reached XP level 2. HP: 16/20 MP: 3/5
   354 | D:1      | Learned a level 2 spell: Ensorcelled Hibernation
   383 | D:1      | Reached skill level 1 in Fighting
   658 | D:1      | Reached skill level 6 in Stealth
   658 | D:1      | Reached XP level 3. HP: 26/26 MP: 3/6
   663 | D:1      | Learned a level 3 spell: Confuse
  1162 | D:2      | Found a shadowy altar of Dithmenos.
  1170 | D:2      | Became a worshipper of Dithmenos the Shadowed
  1189 | D:2      | Reached skill level 7 in Stealth
  1208 | D:1      | Reached XP level 4. HP: 8/32 MP: 2/7
  2262 | D:2      | Found a blossoming altar of Fedhas.
  2688 | D:3      | Reached skill level 8 in Stealth
  2823 | D:3      | Gained mutation: You are partially covered in thin metallic scales. (AC +2) [potion of mutation]
  2823 | D:3      | Gained mutation: You are partially covered in large bone plates. (SH +4) [potion of mutation]
  2912 | D:3      | Reached * piety under Dithmenos
  2912 | D:3      | Reached XP level 5. HP: 37/37 MP: 8/8
  3610 | D:4      | Noticed a phantom
  3917 | D:4      | Reached skill level 9 in Stealth
  3930 | D:4      | Found a staircase to the Ecumenical Temple.
  3986 | Temple   | Entered the Ecumenical Temple
  4012 | D:4      | Reached XP level 6. HP: 38/43 MP: 5/9
  4124 | D:4      | Reached skill level 10 in Stealth
  4232 | D:4      | You fall through a shaft for 3 floors!
  4250 | D:7      | Reached skill level 11 in Stealth
  4268 | D:5      | Entered Level 5 of the Dungeon
  4475 | D:4      | Reached XP level 7. HP: 50/50 MP: 7/10
  4495 | D:4      | Reached skill level 5 in Hexes
  4665 | D:4      | Found an iron altar of Okawaru.
  4691 | D:4      | Reached ** piety under Dithmenos
  5219 | D:5      | Learned a level 3 spell: Tukima's Dance
  5296 | D:5      | Reached XP level 8. HP: 56/56 MP: 2/11
  5304 | D:5      | Reached skill level 12 in Stealth
  5474 | D:5      | Noticed Menkaure
  5501 | D:5      | Killed Menkaure
  5594 | D:5      | Found an opulent altar of Gozag.
  5632 | D:5      | Found Tiateytt's Food Emporium.
  5757 | D:5      | Noticed Grinder
  5760 | D:5      | Found a hazy altar of Hepliaklqana.
  5763 | D:5      | Killed Grinder
  5763 | D:5      | Reached skill level 5 in Short Blades
  6508 | D:6      | Reached XP level 9. HP: 59/61 MP: 10/13
  6618 | D:6      | Noticed a deep elf mage
  7005 | D:6      | Learned a level 3 spell: Dazzling Spray
  7169 | D:6      | Reached skill level 13 in Stealth
  7261 | D:6      | Reached *** piety under Dithmenos
  7468 | D:6      | Killed a deep elf mage
  7468 | D:6      | Reached skill level 14 in Stealth
  7710 | D:7      | Reached skill level 15 in Stealth
  7889 | D:7      | Reached skill level 5 in Dodging
  7946 | D:7      | Noticed XxPooperXx's ghost (novice OgHu)
  8058 | D:7      | Killed XxPooperXx's ghost
  8058 | D:7      | Reached XP level 10. HP: 56/70 MP: 12/16
  8334 | D:8      | Noticed Erica
  8351 | D:8      | Killed Erica
  8427 | D:8      | Noticed a two-headed ogre
  8428 | D:8      | Killed a two-headed ogre
  8482 | D:8      | Reached skill level 5 in Fighting
  8630 | D:8      | Reached **** piety under Dithmenos
  8637 | D:8      | HP: 2/74 [orc priest/divine providence (11)]
  8900 | D:8      | Found a hide-covered altar of Uskayaw.
  8984 | D:8      | Reached skill level 16 in Stealth
  8996 | D:8      | Noticed a two-headed ogre
  9009 | D:8      | Killed a two-headed ogre
  9161 | D:8      | Reached XP level 11. HP: 79/79 MP: 21/21
  9240 | D:8      | Found a staircase to the Lair.
  9557 | Lair:1   | Entered Level 1 of the Lair of Beasts
  9724 | Lair:1   | Reached skill level 17 in Stealth
  9742 | Lair:1   | Learned a level 1 spell: Apportation
  9761 | Lair:1   | Noticed Harold
  9767 | Lair:1   | Killed Harold
  9767 | Lair:1   | Reached skill level 10 in Hexes
 10553 | Lair:1   | Reached skill level 18 in Stealth
 10880 | Lair:2   | Found a staircase to the Swamp.
 11164 | Lair:2   | Reached skill level 19 in Stealth
 11336 | Lair:2   | Found a staircase to the Snake Pit.
 11697 | Lair:2   | Reached XP level 12. HP: 86/86 MP: 22/22
 11990 | Lair:2   | Reached skill level 1 in Throwing
 12615 | Lair:3   | Noticed a catoblepas
 12624 | Lair:3   | Killed a catoblepas
 12995 | Lair:3   | Noticed Rupert
 12997 | Lair:3   | Killed Rupert
 13379 | Lair:3   | Reached ***** piety under Dithmenos
 13551 | Lair:4   | Found a labyrinth entrance.
 13563 | Lab      | Entered a labyrinth
 15840 | Lab      | Noticed a minotaur
 15844 | Lab      | Killed a minotaur
 15847 | Lab      | Got aquamarine-studded storm dragon scales
 16119 | Lair:4   | Reached skill level 20 in Stealth
 16478 | Lair:4   | Reached XP level 13. HP: 93/93 MP: 1/23
 17272 | Lair:5   | Found a runed door.
 17276 | Lair:5   | Found a viscous altar of Jiyva.
 17276 | Lair:5   | Found a staircase to the Slime Pits.
 17276 | Lair:5   | Noticed an acid blob
 17277 | Lair:5   | Reached skill level 5 in Throwing
 18056 | Lair:6   | Entered Level 6 of the Lair of Beasts
 18088 | Lair:6   | Found a frozen archway.
 18107 | Lair:6   | Reached skill level 1 in Shields
 18193 | IceCv    | Entered an ice cave
 20534 | IceCv    | Noticed a reaper
 20541 | IceCv    | Killed a reaper
 20541 | IceCv    | Reached skill level 5 in Shields
 20556 | IceCv    | Reached skill level 21 in Stealth
 20556 | IceCv    | Reached XP level 14. HP: 40/100 MP: 7/24
 20557 | IceCv    | Reached skill level 22 in Stealth
 20557 | IceCv    | Reached XP level 15. HP: 42/105 MP: 7/25
 21177 | Lair:6   | Noticed gorpus's ghost (journeyman DECj)
 21245 | Lair:6   | Killed gorpus's ghost
 21245 | Lair:6   | Reached skill level 23 in Stealth
 23025 | Lair:6   | Reached XP level 16. HP: 115/115 MP: 26/26
 23033 | Lair:6   | Identified a scroll of acquirement
 23034 | Lair:6   | Got a crude amber ring
 23036 | Lair:6   | Identified the ring of Melee {+Blink rElec rF+ Dex+4} (You acquired it on level 6 of the Lair of Beasts)
 23917 | D:9      | Got a shimmering dagger
 23918 | D:9      | Identified the +6 dagger of Grontol {flame, *Corrode +Rage rC+++ Dex-5} (You found it on level 9 of the Dungeon)
 23953 | D:9      | Found a staircase to the Orcish Mines.
 24016 | D:9      | Found a stormy altar of Qazlal.
 24173 | Orc:1    | Entered Level 1 of the Orcish Mines
 24175 | Orc:1    | Noticed Eptagon's ghost (journeyman GrFi)
 24200 | Orc:1    | Reached skill level 10 in Short Blades
 24341 | Orc:1    | Killed Eptagon's ghost
 24663 | Orc:1    | Found a runed door.
 24861 | Orc:1    | Found a roughly hewn altar of Beogh.
 24933 | Orc:2    | Entered Level 2 of the Orcish Mines
 25101 | Orc:2    | Found Fukkim's General Store.
 25582 | Orc:2    | Found Ecwirano's Antique Armour Boutique.
 25733 | Orc:2    | Bought a potion of heal wounds for 70 gold pieces
 25733 | Orc:2    | Bought a scroll of identify for 28 gold pieces
 25755 | Orc:2    | Found Lyteg's Antique Weapon Boutique.
 25909 | Orc:2    | Found a staircase to the Elven Halls.
 25916 | Orc:2    | Reached skill level 24 in Stealth
 26631 | Orc:2    | Reached skill level 10 in Dodging
 26912 | Orc:2    | Found Vuiz's Jewellery Shop.
 26920 | Orc:2    | Bought a cursed amulet of inaccuracy for 36 gold pieces
 26997 | D:10     | Entered Level 10 of the Dungeon
 29405 | D:12     | Reached ****** piety under Dithmenos
 30201 | D:13     | Found a gate to the Vaults.
 30866 | D:14     | Found a white marble altar of Elyvilon.
 31343 | D:15     | Entered Level 15 of the Dungeon
 31551 | D:15     | Found a staircase to the Depths.
 32142 | D:15     | Reached XP level 17. HP: 122/122 MP: 21/29
 32355 | D:15     | Reached skill level 25 in Stealth
 33034 | D:15     | Reached skill level 15 in Hexes
 33716 | Swamp:1  | Entered Level 1 of the Swamp
 34036 | Swamp:1  | Noticed Aizul
 34051 | Swamp:1  | Killed Aizul
 36744 | Swamp:3  | Noticed Roxanne
 36811 | Swamp:3  | Reached skill level 26 in Stealth
 36956 | Swamp:3  | Killed Roxanne
 37124 | Swamp:3  | Noticed Kirke
 37162 | Swamp:3  | Killed Kirke
 37461 | Swamp:3  | Noticed Jorgrun
 37464 | Swamp:3  | Killed Jorgrun
 37661 | Swamp:4  | Entered Level 4 of the Swamp
 38212 | Swamp:4  | Reached XP level 18. HP: 120/132 MP: 18/31
 39530 | Swamp:4  | Noticed Bai Suzhen
 39551 | Swamp:4  | Got a decaying rune of Zot
 40105 | Swamp:4  | Killed Bai Suzhen
 40223 | Swamp:4  | Upgraded the game from 0.20-a0-1111-g4e342e6 to 0.20-a0-1116-gaa52201
 40415 | Snake:1  | Entered Level 1 of the Snake Pit
 40550 | Snake:1  | Reached skill level 27 in Stealth
 41765 | Snake:2  | Noticed Nikola
 41767 | Snake:2  | Killed Nikola
 41777 | Snake:2  | Got a pair of faintly humming gloves
 41788 | Snake:2  | Identified the +0 pair of gloves of Yplo {Str+6} (You took it off Nikola on level 2 of the Snake Pit)
 41860 | Snake:2  | Noticed Asterion
 41863 | Snake:2  | Killed Asterion
 42005 | Snake:2  | Noticed Vashnia
 42007 | Snake:2  | Killed Vashnia
 42463 | Snake:2  | Reached skill level 10 in Spellcasting
 42470 | Snake:2  | Learned a level 5 spell: Silence
 42509 | Snake:2  | Found Igrufy's Gadget Emporium.
 42841 | Snake:2  | Reached XP level 19. HP: 138/138 MP: 26/33
 43324 | Snake:3  | Reached skill level 10 in Fighting
 43687 | Snake:4  | Entered Level 4 of the Snake Pit
 44121 | Snake:4  | Found Borik's Antique Weapon Emporium.
 44121 | Snake:4  | Found Fumim's General Store.
 44281 | Snake:4  | Bought a scroll of acquirement for 624 gold pieces
 44282 | Snake:4  | Identified the ring "Xeh Zups" {+Inv rElec rN+ Slay-3 SInv} (You acquired it on level 4 of the Snake Pit)
 44390 | Snake:4  | Reached skill level 10 in Shields
 44682 | Snake:4  | Noticed Donald
 47386 | Snake:4  | Got a serpentine rune of Zot
 47809 | Snake:4  | Found Borik's Antique Weapon Emporium.
 47809 | Snake:4  | Found Fumim's General Store.
 47962 | Snake:4  | Slain by Donald

Vault maps used:
D:1:      dpeg_arrival_arbitrary_c, minmay_cupped
D:2:      nicolae_overflow_crystal_walls, overflow_temple_1_default
D:3:      first_bread, minmay_liquid_box
D:4:      okawaru_altar_gauntlet_db, temple_statues, kennysheep_generic_room_11
D:5:      nicolae_gozag_seed_capital, marbit_many_paths, serial_shops,
          kennysheep_mini_moat, uniq_grinder, uniq_menkaure
D:6:      guppyfry_early_elven_hall
D:7:      serial_curves, eino_curves_02, eino_curves_02
D:8:      lemuel_crystal_altar, erik_lair_dragon, grunt_livestock,
          serial_bayou_pond_d, uniq_erica
D:9:      orc_0_dummy, nicolae_qazlal_eye_of_the_storm
D:13:     david_vaults_4
D:14:     elyvilon_altar_4
D:15:     grunt_enter_depths_hoard, kennysheep_pointless_box, st_stairs_6
Temple:   lightli_temple_of_artemis
Lair:1:   uniq_harold
Lair:2:   beast_lair_carwin_large_3, swamp_mist_pool,
          guppyfry_snake_entry_island, serial_bayou_shore_a
Lair:3:   worms_lemuel, uniq_rupert
Lair:4:   lab_entry_generic
Lair:5:   slime_altar_2, grunt_forest_stairs_clearing, serial_bayou_shore_b
Lair:6:   grunt_lair_end_beastmaster, portal_ice_cave_entry_imps,
          nicolae_quartered_pool_little, minmay_hedge_maze, st_stairs_7
Swamp:1:  hangedman_swamp_blocks, uniq_aizul
Swamp:2:  evilmike_swamp_ruin_house_6, nicolae_swamp_trees_clearing, swamp_pool5
Swamp:3:  serial_swamp_ruin, evilmike_swamp_ruin_rubble_2,
          evilmike_swamp_ruin_house_5, evilmike_swamp_ruin_house_4,
          uniq_roxanne, uniq_jorgrun, uniq_kirke
Swamp:4:  swamp_vile, swamp_pool1, uniq_bai_suzhen
Snake:1:  hangedman_snake_sidewinding
Snake:2:  serial_shops, shop, grunt_ministairs_13, grunt_megastairs_3,
          uniq_vashnia, uniq_asterion, uniq_nikola
Snake:3:  serial_bayou_shore_b
Snake:4:  johnstein_snake_rune_scales, spider_trap, minmay_shoptagon,
          uniq_donald
Orc:1:    lightli_church_of_beogh
Orc:2:    grunt_orc_gardens, grunt_orc_garden, grunt_orc_garden,
          grunt_orc_garden, grunt_orc_garden
IceCv:    ice_cave_small_demon

Skill      XL: |  1  2  3  4  5  6  7  8  9 10 11 12 13 14 15 16 17 18 19 |
---------------+----------------------------------------------------------+-----
Stealth        | 5 6 7 8 9 11 12 15 16 19 20 21 22 23 24 26 27 | 27.0
Fighting       | 1 2 3 5 6 7 8 9 10 | 10.0
Short Blades   | 2 3 6 8 9 10 11 12 13 | 13.0
Hexes          | 6 8 9 10 11 13 14 15 17 18 | 18.8
Dodging        | 4 5 6 9 10 11 12 13 | 13.0
Spellcasting   | 3 4 7 8 9 10 | 10.0
Throwing       | 4 5 6 7 8 9 |  9.0
Shields        | 5 7 8 9 10 | 10.0

Action                   |  1- 3 |  4- 6 |  7- 9 | 10-12 | 13-15 | 16-18 | 19-21 || total
-------------------------+-------+-------+-------+-------+-------+-------+-------++-------
Melee: Dagger            |    69 |   103 |   224 |   504 |   527 |  1403 |   288 ||  3118
       Bite              |     1 |     8 |    19 |    51 |    68 |   187 |    37 ||   371
Throw: Throwing net      |       |       |       |     1 |       |     1 |       ||     2
 Cast: Corona            |     8 |       |       |       |       |       |       ||     8
       Ensorcelled Hiber |    19 |    29 |    37 |   110 |   102 |   311 |    73 ||   681
       Confuse           |       |     6 |    21 |    18 |    73 |   158 |    84 ||   360
       Tukima's Dance    |       |       |     7 |     4 |     2 |    92 |    39 ||   144
       Dazzling Spray    |       |       |       |       |    13 |    29 |    54 ||    96
Invok: Shadow Step       |       |       |       |     5 |     6 |    17 |     1 ||    29
 Abil: Evoke Fog         |       |       |       |       |     2 |       |       ||     2
       End Transformatio |       |       |       |       |       |     4 |       ||     4
       Bat Form          |       |       |       |       |       |     4 |       ||     4
Evoke: Wand              |       |       |       |       |       |     4 |       ||     4
  Use: Scroll            |     2 |     2 |     3 |    18 |     5 |    18 |     9 ||    57
       Potion            |       |     2 |     3 |    11 |    13 |    19 |     1 ||    49
 Stab: Distracted        |     1 |     2 |       |     4 |    13 |    41 |    25 ||    86
       Sleeping          |    17 |    38 |    42 |   111 |    97 |   426 |    84 ||   815
       Confused          |       |     3 |    16 |    15 |    32 |    90 |    31 ||   187
       Invisible         |       |       |     2 |       |     7 |     9 |     8 ||    26
       Held in net/web   |       |       |       |     2 |       |     2 |       ||     4
  Eat: Corpse            |       |       |       |     1 |       |       |     1 ||     2
Armor: Robe              |     9 |    12 |    30 |    45 |    72 |   102 |    17 ||   287
       Skin              |       |       |       |    11 |       |       |       ||    11
Dodge: Dodged            |    36 |    42 |   109 |   257 |   575 |   680 |   215 ||  1914
Block: Other             |       |     6 |    32 |    35 |    81 |       |       ||   154
       Buckler           |       |       |       |       |    51 |   608 |   195 ||   854
